 Seeded DCSS version 0.27.1-2-g3b301248ec (webtiles) character file.

Game seed: 6258058316398713103 (custom seed)

129 a11behringer the Chopper (level 4, -2/39 HPs)
             Began as a Minotaur Fighter on Sept 23, 2021.
             Slain by a water moccasin (3 damage)
             ... on level 5 of the Dungeon.
             The game lasted 00:06:38 (1458 turns).

a11behringer the Chopper (Minotaur Fighter)         Turns: 1458, Time: 00:06:38

Health: -2/39      AC: 10    Str: 20    XL:     4   Next: 88%
Magic:  3/3        EV:  7    Int:  5    God:
Gold:   114        SH:  9    Dex: 11    Spells: 3/3 levels left

rFire    . . .     SeeInvis +   a - +0 war axe
rCold    . . .     Faith    .   c - +0 kite shield
rNeg     . . .     Spirit   .   b - +0 scale mail
rPois    .         Reflect  .   o - +2 hat
rElec    .         Harm     .   (no cloak)
rCorr    +         Rampage  .   s - +0 pair of gloves
Will     .....                  (no boots)
Stlth    ..........             (no amulet)
HPRegen  0.13/turn              k - ring of see invisible
MPRegen  0.08/turn              f - ring of resist corrosion

@: lethally poisoned (-2 -> -22), hasted, very quick
A: horns 2, retaliatory headbutt
a: no special abilities


You were on level 5 of the Dungeon.
You visited 1 branch of the dungeon, and saw 5 of its levels.

You collected 114 gold pieces.

Inventory:

Hand Weapons
 a - a +0 war axe (weapon)
Armour
 b - a +0 scale mail (worn)
 c - a +0 kite shield (worn)
 n - a +0 tower shield
 o - a +2 hat (worn)
 s - a +0 pair of gloves (worn)
Jewellery
 f - a ring of resist corrosion (right hand)
 k - a ring of see invisible (left hand)
 t - a +4 ring of protection
Scrolls
 e - a scroll of magic mapping {unknown}
 h - a scroll of noise {unknown}
 i - 2 scrolls of vulnerability {unknown}
 l - 2 scrolls of acquirement {unknown}
 m - 2 scrolls of identify {unknown}
 q - a scroll of amnesia {unknown}
 r - a scroll of enchant weapon {unknown}
Potions
 d - 2 potions of might
 g - a potion of brilliance {unknown}
 j - a potion of haste
 p - a potion of heal wounds {unknown}


   Skills:
 - Level 3.6 Fighting
 * Level 6.2 Axes
 - Level 3.6 Armour
 - Level 3.6 Shields


You had 3 spell levels left.
You didn't know any spells.
Your spell library contained the following spells:

 Spells                   Type           Power      Damage    Failure   Level
 Magic Dart               Conj           0%         1d3       100%        1
 Call Imp                 Summ           0%         N/A       100%        2
 Mephitic Cloud           Conj/Pois/Air  0%         N/A       100%        3
 Olgreb's Toxic Radiance  Pois           0%         N/A       100%        4
 Ozocubu's Refrigeration  Ice            0%         4d5       100%        7
 Ignition                 Fire           0%         3d3       100%        8


Dungeon Overview and Level Annotations

Branches:
Dungeon (6/15)
 Temple: D:4-7

Altars:
Fedhas


Innate Abilities, Weirdness & Mutations

You have a pair of horns on your head.
You reflexively headbutt those who attack you in melee.


Message History

You kill the shadow imp!
Your Axes skill increases to level 6!
Found an embroidered robe.
A hound skeleton comes into view.
You see here a +2 robe of cold resistance.
You slash the hound skeleton!
The hound skeleton is heavily damaged.
You block the hound skeleton's attack. The hound skeleton bites you.
You slash the hound skeleton!
You destroy the hound skeleton!
A water moccasin comes into view.
Found a stone staircase leading down.
The water moccasin hisses angrily.
Found 17 gold pieces.
The water moccasin bites you.
You hit the water moccasin.
Your headbutt misses the water moccasin.
The water moccasin is lightly wounded.
The water moccasin bites you.
You are poisoned.
The water moccasin poisons you! The water moccasin barely misses you.
You closely miss the water moccasin.
Your headbutt misses the water moccasin.
You feel very sick. The water moccasin bites you.
The water moccasin bites you but does no damage.
You closely miss the water moccasin. You headbutt the water moccasin.
The water moccasin is lightly wounded.
* * * LOW HITPOINT WARNING * * *
You feel very sick. The water moccasin bites you.
* * * LOW HITPOINT WARNING * * *
You are more poisoned.
The water moccasin poisons you!
The water moccasin bites you but does no damage.
It was a potion of haste.
You feel yourself speed up.
* * * LOW HITPOINT WARNING * * *
You feel very sick. The water moccasin bites you.
You die...

..# #...#... #. .. ..#
#...##.# #. ... ###..
#...#.###. ...#
##....####.........
.....
.......^..........
....##..#..#...........
$.......######.........
#.#....##..#..##.....
#..S@..#......###.##.
#.>###............###..
# #.................
#...[.............
##......##....###.
#.#....##.####
###......## #...#.##
#..####


You could see a water moccasin.

Vanquished Creatures
  An iguana (D:6)
  A hound zombie (D:5)
  A hound skeleton (D:5)
  A howler monkey skeleton (D:6)
  An adder (D:2)
  A shadow imp (D:5)
  An ufetubus (D:5)
  5 orcs (D:6)
  A ball python (D:2)
  4 endoplasms
  A giant cockroach (D:2)
  2 goblins (D:1)
  3 hobgoblins
  2 jackals (D:5)
  8 kobolds
  2 quokkas
  A bat (D:2)
  A frilled lizard (D:1)
  5 rats
42 creatures vanquished.

Notes
Turn   | Place    | Note
-------+----------+-------------------------------------------
     0 | D:1      | a11behringer the Minotaur Fighter began the quest for the
                  | Orb.
     0 | D:1      | Reached XP level 1. HP: 19/19 MP: 0/0
   143 | D:1      | Reached skill level 3 in Axes
   156 | D:1      | Found a faded altar of an unknown god.
   167 | D:1      | Reached XP level 2. HP: 26/26 MP: 1/1
   169 | D:1      | You fall into a shaft and drop 1 floor!
   336 | D:1      | Reached skill level 4 in Axes
   602 | D:1      | Reached XP level 3. HP: 29/31 MP: 2/2
   981 | D:2      | Found a blossoming altar of Fedhas.
  1318 | D:3      | You fall into a shaft and drop 3 floors!
  1321 | D:6      | Reached skill level 5 in Axes
  1373 | D:6      | Reached XP level 4. HP: 37/39 MP: 3/3
  1393 | D:5      | Entered Level 5 of the Dungeon
  1437 | D:5      | Reached skill level 6 in Axes
  1452 | D:5      | Noticed a water moccasin
  1458 | D:5      | HP: 1/39 [poisoned by a water moccasin]
  1458 | D:5      | Slain by a water moccasin

Illustrated notes

Levels and vault maps discovered:
D:1:      sevenhm_arrival_forest_fort_large_2, layout_rooms,
          ebering_ecumenical_altar_sacrificial
D:2:      layout_rooms, basic_altar, minmay_misc_feat_encased,
          grunt_ministairs_2
D:3:      layout_rooms
D:5:      layout_cave_pools, kennysheep_another_room, st_stairs_7
D:6:      layout_loops_ring

Skill      XL: |  1  2  3  4 |
---------------+-------------+-----
Axes           | 3 4 5 6 |  6.2
Fighting       | |  3.6
Armour         | |  3.6
Shields        | |  3.6

Action                   |  1- 3 |  4- 6 || total
-------------------------+-------+-------++-------
Melee: War axe           |    68 |    36 ||   104
       Headbutt          |     4 |     4 ||     8
  Use: Potion            |       |     1 ||     1
Armor: Scale mail        |    28 |    32 ||    60
Dodge: Dodged            |    17 |    12 ||    29
Block: Kite shield       |    39 |    29 ||    68
